 Dungeon Crawl Stone Soup version 0.29-a0-563-g64e4043184 (webtiles) character file.

Game seed: 7073365674544431945

19511 spiderkeys the Nimble (level 12, 0/75 HPs)
             Began as a Deep Elf Abyssal Knight on June 12, 2022.
             Was an Elder of Lugonu.
             Succumbed to a guardian serpent's bolt of poison
             ... on level 2 of the Lair of Beasts.
             The game lasted 00:33:30 (21664 turns).

spiderkeys the Nimble (Deep Elf Abyssal Knight)    Turns: 21664, Time: 00:33:31

Health: 0/75       AC:  9    Str: 10    XL:     12   Next: 37%
Magic:  1/26       EV: 17    Int: 21    God:    Lugonu [****..]
Gold:   618        SH:  0    Dex: 15    Spells: 6/27 levels left

rFire   + . .      SeeInvis .   a - +6 short sword (venom)
rCold   x . .      Faith    .   (no shield)
rNeg    . . .      Spirit   +   r - +1 leather armour
rPois   .          Reflect  .   U - +2 helmet
rElec   .          Harm     .   (no cloak)
rCorr   .          Rampage  .   R - +0 pair of gloves
Will    +....      Rage     1%  D - +0 pair of boots
Stlth   +.........              G - amulet of guardian spirit
HPRegen 0.22/turn               F - ring of fire
MPRegen 0.20/turn               L - ring of flight

@: lethally poisoned (0 -> -11), flying, slowed, very slow
A: berserk 1, screaming 1
a: Renounce Religion, Depart the Abyss, Bend Space, Banish, Corrupt


You were on level 2 of the Lair of Beasts.
You worshipped Lugonu.
Lugonu was greatly pleased with you.
You visited 2 branches of the dungeon, and saw 14 of its levels.
You visited the Abyss 1 time.
You also visited: Sewer.

You collected 891 gold pieces.
You spent 273 gold pieces at shops.


Innate Abilities, Weirdness & Mutations

You tend to lose your temper in combat.
You occasionally shout uncontrollably at your foes.


   Skills:
 - Level 8.3 Fighting
 - Level 4.0 Short Blades
 - Level 0.7 Armour
 + Level 11.6 Dodging
 - Level 8.0 Spellcasting
 + Level 1.0 Hexes
 * Level 1.2 Summonings
 - Level 9.3 Necromancy
 - Level 5.0 Transmutations
 - Level 8.0 Poison Magic
 - Level 9.0 Invocations


You had 6 spell levels left.
You knew the following spells:

 Your Spells              Type           Power      Damage    Failure   Level
a - Agony                 Necr           47%        N/A       7%          5
c - Confusing Touch       Hex            12%        N/A       22%         3
i - Ignite Poison         Fire/Tmut/Pois 39%        N/A       5%          3
m - Mephitic Cloud        Conj/Pois/Air  19%        N/A       11%         3
X - Necrotize             Necr           100%       1d9       1%          1
Y - Summon Cactus Giant   Summ           6%         N/A       100%        6

Your spell library contained the following spells:

 Spells                   Type           Power      Damage    Failure   Level
 Vampiric Draining        Necr           47%        2d9       1%          3
 Scorch                   Fire           24%        2d6       16%         2
 Tukima's Dance           Hex            12%        N/A       22%         3
 Inner Flame              Hex/Fire       15%        N/A       26%         3
 Portal Projectile        Hex/Tloc       20%        N/A       26%         3
 Ozocubu's Armour         Ice            8%         N/A       32%         3
 Blade Hands              Tmut           14%        N/A       36%         5
 Cause Fear               Hex            6%         N/A       56%         4
 Yara's Violent Unravell  Hex/Tmut       10%        3d6       65%         5
 Flame Wave               Conj/Fire      12%        2d6       71%         4
 Eringya's Noxious Bog    Tmut/Pois      17%        N/A       75%         6
 Summon Forest            Summ/Tloc      5%         N/A       93%         5
 Simulacrum               Ice/Necr       13%        N/A       94%         6
 Freezing Cloud           Conj/Ice/Air   4%         6-21      96%         5
 Enfeeble                 Hex            6%         N/A       100%        7
 Ozocubu's Refrigeration  Ice            4%         4d5       100%        7
 Summon Hydra             Summ           6%         N/A       100%        7
 Discord                  Hex            6%         N/A       100%        8
 Polar Vortex             Ice            4%         N/A       100%        9

Inventory:

Hand Weapons
 a - a +6 short sword of venom (weapon)
   (You bought it in a shop on level 4 of the Dungeon)
 b - a +5 dagger of electrocution
   (You took it off a goblin on level 1 of the Dungeon)
Missiles
 e - 461 stones
 g - 28 poisoned darts
 l - 6 javelins
 A - a throwing net {=f!f}
 X - 9 boomerangs
Armour
 p - a +0 leather armour
   (You found it on level 2 of the Lair of Beasts)
 q - a +0 ring mail
   (You found it on level 2 of the Lair of Beasts)
 r - a +1 leather armour (worn)
 v - an orb of guile
   (You found it on level 2 of the Lair of Beasts)
 y - +0 swamp dragon scales
   (You took it off Maggie on level 8 of the Dungeon)
 D - a +0 pair of boots (worn)
   (You found it on level 4 of the Dungeon)
 R - a +0 pair of gloves (worn)
   (You found it on level 10 of the Dungeon)
 U - a +2 helmet (worn)
   (You found it on level 5 of the Dungeon)
Jewellery
 c - an amulet of magic regeneration
   (You found it on level 1 of the Dungeon)
 f - a ring of protection from fire
   (You found it on level 2 of the Lair of Beasts)
 F - a ring of fire (left hand)
   (You took it off a hobgoblin on level 2 of the Dungeon)
 G - an amulet of guardian spirit (around neck)
   (You found it on level 4 of the Dungeon)
 L - a ring of flight (right hand)
   (You found it on level 4 of the Dungeon)
 N - a ring of positive energy
   (You found it on level 11 of the Dungeon)
Wands
 u - a wand of acid (7)
   (You found it on level 3 of the Dungeon)
 K - a wand of digging (8)
   (You found it on level 4 of the Dungeon)
 Z - a wand of iceblast (3)
   (You found it on level 5 of the Dungeon)
Scrolls
 h - a scroll of immolation {!r!r}
 i - a scroll of summoning
 j - 2 scrolls of identify {@r1}
 m - 2 scrolls of magic mapping {!r}
 o - 2 scrolls of poison {!r}
 s - a scroll of brand weapon
 E - 2 scrolls of blinking {!r}
 H - 4 scrolls of teleportation {@r4}
Potions
 k - 2 potions of resistance
 t - 2 potions of invisibility
 x - 3 potions of flight
 B - 3 potions of cancellation
 C - 4 potions of attraction {!q}
 M - a potion of ambrosia
 Q - 6 potions of haste {@q3}
Miscellaneous
 n - a lightning rod (4/4)
   (You found it on level 1 of the Lair of Beasts)

Dungeon Overview and Level Annotations

Branches:
Dungeon (12/15)            Temple (0/1) D:5            Lair (2/6) D:9
  Snake (0/4) Lair:2          Orc (0/2) D:9           Sewer (visited)
  Swamp: Lair:2-4    Shoals: Lair:2-4

Altars:
Cheibriados
Elyvilon
Hepliaklqana
Makhleb
Ru
Sif Muna
Xom
Yredelemnul

Shops:
D:4 *   D:7 !

Annotations:
D:4 1 runed translucent door, Hubjo's ghost, amateur DsWn

........# .########
........## ###+P#......
.........####.........>.
.........##.#..........
........###.+........# .
.........#...........#.#
...<.....†.†.☼.☼h....P..
........####.☼○S.....P.P
........# ##°☼○@...<###
......... #P........#
........## #..........#
#####..## ##.......(## #
### ##..P##### ##.## ##


You could see a guardian serpent and a wolf (confused).


Message History

😮 HP[-11] MP[-2]
You take 11 damage, and now have 51/75 hp.
You lost 2 mp, and now have 18/26 mp.
You puncture the wolf! The wolf bites you but does no damage.
The wolf misses you. The wolf closely misses you.
The wolf completely misses you.
You puncture the wolf!
The wolf is poisoned.
The wolf bites you but does no damage. The wolf barely misses you. x2
The wolf bites you. x2; The wolf closely misses you.
The wolf barely misses you. The wolf bites you. 😮 HP[-5] MP[-3]
You take 5 damage, and now have 46/75 hp.
You lost 3 mp, and now have 15/26 mp.
Casting: Necrotize (safe; 1% risk of failure)
Confirm with . or Enter, or press ? or * to list all spells.
You feel a surge of power!
You ignite the poison in your surroundings!
The wolf seems to burn from within!!
You kill the wolf!
Lugonu accepts your kill.
The wolf seems to burn from within!
You kill the wolf!
Lugonu accepts your kill.
The wolf seems to burn from within!!
You kill the wolf!
Lugonu accepts your kill.
The wolf seems to burn from within!!
You kill the wolf!
Lugonu accepts your kill. The wolf misses you.
Your Summonings skill increases to level 1! 😮 MP[-3]
You lost 3 mp, and now have 12/26 mp.
You hit the guardian serpent but do no damage.
The guardian serpent hits you!!
* * * LOW HITPOINT WARNING * * *
The wolf barely misses you. The wolf misses you. The guardian serpent hits you.
* * * LOW HITPOINT WARNING * * *
😨 HP[-18] MP[-5]
You take 18 damage, and now have 28/75 hp.
MASSIVE DAMAGE!! (PAUSE)
You lost 5 mp, and now have 7/26 mp.
Space bends violently around you!
You blink.
Found 25 stones.
Found a stone staircase leading up and a staircase to the Snake Pit. 😨 HP[-2] MP[-1]
You take 2 damage, and now have 26/75 hp.
You lost 1 mp, and now have 6/26 mp.
Unknown command.
Unknown command.
Casting: Ignite Poison (dangerous; 5% risk of failure)
Confirm with . or Enter, or press ? or * to list all spells.
Aiming: Mephitic Cloud (dangerous; 11% risk of failure)
Press: ? - help, Shift-Dir - straight line The ball explodes into a vile cloud!
The stinking cloud engulfs the wolf but does no damage. x2
The wolf is engulfed in noxious fumes.
The wolf appears confused.
The wolf is engulfed in noxious fumes.
The wolf appears confused. 😨 HP[+1] MP[-2]
You lost 2 mp, and now have 4/26 mp.
The wolf is engulfed in noxious fumes.
The guardian serpent casts a spell at you.
The wolf blinks! x2
Casting: Mephitic Cloud (dangerous; 11% risk of failure)
Confirm with . or Enter, or press ? or * to list all spells.
You feel a surge of power!
You ignite the poison in your surroundings!
The wolf bites you.
* * * LOW HITPOINT WARNING * * *
The wolf is engulfed in blazing flames.
The guardian serpent is engulfed in blazing flames. x2 😨 HP[-1] MP[-3]
You take 1 damage, and now have 26/75 hp.
You lost 3 mp, and now have 1/26 mp.
You hit the guardian serpent.
The wolf is engulfed in blazing flames.
The guardian serpent is engulfed in blazing flames.
The guardian serpent hits you!!
* * * LOW HITPOINT WARNING * * *
The wolf bites the wolf!
The wolf barely misses itself.
The wolf bites itself.
The wolf is killed!
Lugonu accepts your kill.
Your Hexes skill increases to level 1! 😱 HP[-17] MP[-1]
You take 17 damage, and now have 9/75 hp.
MASSIVE DAMAGE!! (PAUSE)
You lost 1 mp, and now have 0/26 mp.
You feel better.
The guardian serpent is engulfed in blazing flames.
The guardian serpent coils itself and waves its upper body at you.
The bolt of poison hits you!
You are poisoned.
* * * LOW HITPOINT WARNING * * *
The guardian serpent is engulfed in blazing flames.
The guardian serpent coils itself and waves its upper body at you.
You feel yourself slow down. 😱 HP[-6]
You take 6 damage, and now have 3/75 hp.
You closely miss the guardian serpent.
You die...

Skill      XL: |  1  2  3  4  5  6  7  8  9 10 11 12 |
---------------+-------------------------------------+-----
Spellcasting   | 1 2 3 4 5 7 8 |  8.0
Dodging        | 3 4 5 6 8 9 11 | 11.6
Fighting       | 3 4 5 6 7 8 |  8.3
Short Blades   | 3 4 |  4.0
Invocations    | 3 4 6 7 8 9 |  9.0
Poison Magic   | 2 3 5 7 8 |  8.0
Transmutations | 3 5 |  5.0
Necromancy     | 1 4 6 8 9 |  9.3
Summonings     | 1 |  1.2
Hexes          | 1 |  1.0
Armour         | |  0.7

Action                   |  1- 3 |  4- 6 |  7- 9 | 10-12 || total
-------------------------+-------+-------+-------+-------++-------
Melee: Short sword       |    69 |       |   187 |   399 ||   655
       Dagger            |    69 |   142 |   249 |   183 ||   643
       Punch             |       |     1 |     7 |    18 ||    26
Throw: Stone             |     4 |       |       |       ||     4
       Dart              |     5 |     5 |     8 |     8 ||    26
       Boomerang         |       |       |       |     1 ||     1
 Cast: Necrotize         |       |       |    15 |    24 ||    39
       Ignite Poison     |       |       |       |     9 ||     9
       Mephitic Cloud    |       |       |       |     1 ||     1
Invok: Bend Space        |       |     6 |     2 |     7 ||    15
       Banish            |       |     1 |     1 |    16 ||    18
Evoke: Wand              |       |     3 |     5 |     1 ||     9
  Use: Scroll            |     7 |     5 |     5 |    11 ||    28
       Potion            |     2 |     4 |       |     8 ||    14
Armor: Leather armour    |    42 |       |   108 |   131 ||   281
       Ring mail         |     7 |    41 |    46 |       ||    94
       Skin              |     2 |       |       |       ||     2
Dodge: Dodged            |    87 |    81 |   285 |   509 ||   962

Levels and vault maps discovered:
D:1:      dpeg_arrival_three_smaller_balls, layout_basic,
          minmay_misc_feat_diagonals, minmay_pentomino_p4
D:2:      layout_loops_ring, serial_bayou_ford_a,
          minmay_randomly_rotated_circles, uniq_sigmund
D:3:      layout_rooms, shapermc_ecumenical_altar_hornbeckon,
          portal_sewer_entry_e, minmay_misc_feat_four_crosses, minivault_25,
          minmay_misc_feat_encased, kennysheep_nub, uniq_natasha
D:4:      layout_basic, mainiacjoe_overflow_catwalk, gammafunk_ghost_grave,
          serial_shops, nicolae_stop_n_shop_1
D:5:      cheibrodos_thug_alley, layout_rooms, bloody_makhleb,
          minmay_temple_entry_purple_smoke
D:6:      layout_gridville, minmay_misc_feat_tower, uniq_menkaure
D:7:      layout_basic, old_standard_altar, xom_teletrap_fun, serial_shops,
          nicolae_shop_crystal
D:8:      layout_loops_ring, uniq_maggie
D:9:      layout_irregular_city, kennysheep_little_box,
          mainiacjoe_overflow_cross_hatched, marbit_many_paths,
          erik_lair_dragon, orc_0_dummy
D:10:     layout_roguey, nicolae_overflow_crystal_walls
D:11:     layout_cave_pools
D:12:     layout_roguey, nicolae_hepliaklqana_monster_ancestors
Lair:1:   layout_roguey, nzn_sisyphean_effort, lemuel_fruit_tree,
          infiniplex_staircase_pool
Lair:2:   layout_roguey, minmay_snake_entry_spellcaster,
          infiniplex_staircase_pool_2, grunt_megastairs_3, uniq_fannar

Notes
Turn   | Place    | Note
-------+----------+-------------------------------------------
     0 | Abyss:1  | spiderkeys the Deep Elf Abyssal Knight began the quest for
                  | the Orb.
     0 | Abyss:1  | Reached XP level 1. HP: 13/13 MP: 4/4
     0 | Abyss:1  | magus.rc [v1.11.3]
    24 | D:1      | You pass through the gate.
    24 | D:1      | Escaped the Abyss
   292 | D:1      | Reached XP level 2. HP: 14/18 MP: 5/5
   298 | D:1      | Reached skill level 1 in Spellcasting
   568 | D:1      | HP: 4/18 [hobgoblin (2)]
   571 | D:1      | HP: 1/18 [hobgoblin (2)]
  1397 | D:1      | Reached XP level 3. HP: 22/22 MP: 7/7
  1501 | D:1      | Reached skill level 3 in Dodging
  1761 | D:2      | Reached *** piety under Lugonu
  1839 | D:2      | You add the spells Ozocubu's Armour and Ozocubu's
                  | Refrigeration to your library.
  2334 | D:2      | Noticed Sigmund
  2364 | D:2      | Killed Sigmund
  2365 | D:2      | Reached skill level 3 in Fighting
  2365 | D:2      | Reached skill level 3 in Short Blades
  2365 | D:2      | Reached skill level 2 in Spellcasting
  2365 | D:2      | Reached skill level 3 in Invocations
  2365 | D:2      | Reached XP level 4. HP: 15/28 MP: 7/10
  2365 | D:2      | Reached XP level 5. HP: 17/32 MP: 7/11
  2623 | D:2      | You fall into a shaft and drop 2 floors!
  2657 | D:4      | You add the spells Ignite Poison, Mephitic Cloud and
                  | Freezing Cloud to your library.
  2662 | D:4      | Noticed an ogre
  2664 | D:4      | Found Wucrori's Assorted Antiques.
  2697 | D:3      | Reached skill level 3 in Spellcasting
  2756 | D:3      | You pick up a book of Hexes and begin reading...
  2756 | D:3      | You add the spells Inner Flame, Cause Fear and Discord to
                  | your library.
  2779 | D:3      | You add the spells Summon Forest, Eringya's Noxious Bog and
                  | Summon Hydra to your library.
  2816 | D:3      | Reached skill level 4 in Dodging
  2867 | D:3      | Found a faded altar of an unknown god.
  2914 | D:3      | Noticed Natasha
  2923 | D:3      | Killed Natasha
  2924 | D:3      | Reached XP level 6. HP: 28/37 MP: 12/12
  2975 | D:3      | Found a glowing drain.
  2997 | Sewer    | Entered a sewer
  3407 | Sewer    | Found a white marble altar of Elyvilon.
  3523 | D:3      | Learned a level 3 spell: Ignite Poison
  3580 | D:3      | Noticed Natasha
  3587 | D:3      | Killed Natasha
  3620 | D:3      | Reached skill level 4 in Invocations
  3720 | D:3      | Noticed Natasha
  3724 | D:3      | You pick up a book of Ice and begin reading...
  3724 | D:3      | You add the spells Simulacrum and Polar Vortex to your
                  | library.
  3730 | D:3      | HP: 5/37 [something (7)]
  3743 | D:3      | HP: 6/37 [something (4)]
  3746 | D:3      | Killed Natasha
  3747 | D:3      | Reached skill level 4 in Spellcasting
  4319 | D:4      | Reached XP level 7. HP: 17/42 MP: 13/15
  4324 | D:4      | Bought a golden potion for 25 gold pieces
  4578 | D:4      | Found a sacrificial altar of Ru.
  4658 | D:4      | Reached skill level 1 in Poison Magic
  4695 | D:4      | Found a runed translucent door.
  4695 | D:4      | Noticed Hubjo's ghost (amateur DsWn)
  4744 | D:4      | Reached skill level 4 in Short Blades
  5181 | D:4      | Reached skill level 4 in Fighting
  5181 | D:4      | Reached skill level 5 in Dodging
  5221 | D:4      | You pick up a book of Misfortune and begin reading...
  5221 | D:4      | You add the spells Confusing Touch, Yara's Violent
                  | Unravelling and Enfeeble to your library.
  5322 | D:4      | Reached **** piety under Lugonu
  5588 | D:5      | Entered Level 5 of the Dungeon
  5600 | D:5      | Reached skill level 2 in Poison Magic
  5691 | D:5      | Found a staircase to the Ecumenical Temple.
  5739 | D:5      | Reached skill level 5 in Spellcasting
  6157 | D:5      | Reached XP level 8. HP: 38/48 MP: 12/17
  6528 | D:4      | Reached skill level 5 in Invocations
  6598 | D:4      | Bought a runed short sword for 168 gold pieces
  6668 | D:5      | Reached skill level 3 in Poison Magic
  6919 | D:5      | Found a burning altar of Makhleb.
  7113 | D:5      | You pick up a book of Scorching and begin reading...
  7113 | D:5      | You add the spells Scorch, Flame Wave and Summon Cactus
                  | Giant to your library.
  7330 | D:6      | Reached skill level 6 in Dodging
  7445 | D:6      | Reached skill level 1 in Transmutations
  7672 | D:6      | Noticed Menkaure
  7856 | D:6      | Killed Menkaure
  7857 | D:6      | Reached skill level 2 in Transmutations
  7975 | D:6      | Reached skill level 5 in Fighting
  8047 | D:6      | Reached skill level 6 in Invocations
  8284 | D:6      | You pick up a book of Necromancy and begin reading...
  8284 | D:6      | You add the spells Necrotize, Vampiric Draining and Agony
                  | to your library.
  8287 | D:6      | Learned a level 1 spell: Necrotize
  8909 | D:7      | Found a snail-covered altar of Cheibriados.
  8914 | D:7      | Reached skill level 3 in Transmutations
  8918 | D:7      | Reached skill level 1 in Necromancy
  8918 | D:7      | Reached XP level 9. HP: 46/54 MP: 14/18
  9082 | D:7      | Reached skill level 7 in Dodging
  9709 | D:7      | You pick up a book of Necromancy and begin reading...
  9950 | D:7      | Found Culiovue's Distillery.
  9995 | D:6      | Reached skill level 2 in Necromancy
 10567 | D:7      | Found a shimmering altar of Xom.
 10635 | D:7      | Reached ***** piety under Lugonu
 10636 | D:7      | Reached skill level 4 in Transmutations
 10917 | D:7      | Reached skill level 3 in Necromancy
 11322 | D:8      | Reached skill level 7 in Invocations
 11764 | D:8      | Noticed Maggie
 11782 | D:8      | Killed Maggie
 11783 | D:8      | Reached skill level 6 in Fighting
 11783 | D:8      | Reached skill level 8 in Dodging
 11783 | D:8      | Reached skill level 4 in Necromancy
 12483 | D:9      | Reached skill level 5 in Transmutations
 12538 | D:9      | Found a hazy altar of Hepliaklqana.
 12569 | D:9      | Reached XP level 10. HP: 29/60 MP: 9/19
 12725 | D:9      | Found a shimmering blue altar of Sif Muna.
 12975 | D:9      | Found a staircase to the Orcish Mines.
 13562 | D:9      | Reached skill level 5 in Necromancy
 13566 | D:9      | Reached skill level 4 in Poison Magic
 13788 | D:9      | You pick up a book of Weapons and begin reading...
 13788 | D:9      | You add the spells Tukima's Dance, Portal Projectile and
                  | Blade Hands to your library.
 13794 | D:9      | Found a staircase to the Lair.
 14167 | D:9      | Reached skill level 8 in Invocations
 14271 | D:9      | Found a basalt altar of Yredelemnul.
 14336 | D:10     | Entered Level 10 of the Dungeon
 14401 | D:10     | Reached skill level 9 in Dodging
 15261 | D:10     | Found a white marble altar of Elyvilon.
 15621 | D:10     | Reached skill level 6 in Necromancy
 15936 | D:10     | Reached skill level 5 in Poison Magic
 16073 | D:11     | Noticed a gargoyle
 16077 | D:11     | Banished a gargoyle
 16440 | D:11     | Noticed a cyclops
 16452 | D:11     | Reached skill level 7 in Fighting
 16452 | D:11     | Reached XP level 11. HP: 33/67 MP: 7/21
 16666 | D:11     | Noticed a two-headed ogre
 16693 | D:11     | Banished a two-headed ogre
 16847 | D:11     | Reached skill level 6 in Spellcasting
 17086 | D:12     | Noticed a two-headed ogre
 17090 | D:12     | Banished a two-headed ogre
 17091 | D:12     | Reached skill level 10 in Dodging
 17091 | D:12     | Reached skill level 7 in Necromancy
 17091 | D:12     | Reached skill level 6 in Poison Magic
 17091 | D:12     | Reached skill level 9 in Invocations
 17215 | D:12     | Noticed a two-headed ogre
 17216 | D:12     | Banished a two-headed ogre
 17251 | D:12     | Noticed a green ugly thing
 17415 | Lair:1   | Entered Level 1 of the Lair of Beasts
 17676 | D:9      | Gained mutation: You do not regenerate when monsters are
                  | visible. [potion of mutation]
 17676 | D:9      | Gained mutation: You have a pair of small horns on your
                  | head. [potion of mutation]
 17677 | D:9      | Lost mutation: You have a pair of small horns on your head.
                  | [potion of mutation]
 17677 | D:9      | Lost mutation: You do not regenerate when monsters are
                  | visible. [potion of mutation]
 17677 | D:9      | Gained mutation: Your magical capacity is low. (-10% MP)
                  | [potion of mutation]
 17677 | D:9      | Gained mutation: Armour fits poorly on your strangely
                  | shaped body. [potion of mutation]
 17816 | D:7      | Bought a potion of mutation for 80 gold pieces
 17816 | D:7      | Lost mutation: Armour fits poorly on your strangely shaped
                  | body. [potion of mutation]
 17816 | D:7      | Lost mutation: Your magical capacity is low. (-10% MP)
                  | [potion of mutation]
 17816 | D:7      | Gained mutation: You tend to lose your temper in combat.
                  | [potion of mutation]
 17816 | D:7      | Gained mutation: You occasionally shout uncontrollably at
                  | your foes. [potion of mutation]
 17974 | Lair:1   | Noticed a four-headed hydra
 17980 | Lair:1   | Killed a four-headed hydra
 18145 | Lair:1   | HP: 13/67 [poisoned by a water moccasin]
 18150 | Lair:1   | HP: 9/67 [poisoned by a water moccasin]
 18151 | Lair:1   | HP: 4/67 [cane toad (2)]
 18152 | Lair:1   | Noticed a boulder beetle
 18166 | Lair:1   | HP: 16/67 [poisoned by a water moccasin]
 18172 | Lair:1   | HP: 17/100 [poisoned by a water moccasin]
 18189 | Lair:1   | Banished a boulder beetle
 18190 | Lair:1   | Reached skill level 7 in Spellcasting
 18754 | Lair:1   | Reached skill level 8 in Necromancy
 19213 | Lair:1   | Reached skill level 7 in Poison Magic
 19226 | Lair:1   | HP: 16/68 [yak (4)]
 19233 | Lair:1   | HP: 13/68 [yak (4)]
 19679 | Lair:1   | Reached skill level 11 in Dodging
 19679 | Lair:1   | Reached XP level 12. HP: 47/73 MP: 15/25
 19685 | Lair:1   | Reached skill level 8 in Spellcasting
 20433 | Lair:2   | Learned a level 3 spell: Mephitic Cloud
 20449 | Lair:2   | Reached skill level 8 in Fighting
 20738 | Lair:2   | Reached skill level 9 in Necromancy
 21222 | Lair:2   | Reached skill level 8 in Poison Magic
 21606 | Lair:2   | Learned a level 3 spell: Confusing Touch
 21612 | Lair:2   | Learned a level 5 spell: Agony
 21619 | Lair:2   | Learned a level 6 spell: Summon Cactus Giant
 21657 | Lair:2   | Reached skill level 1 in Summonings
 21658 | Lair:2   | Found a staircase to the Snake Pit.
 21662 | Lair:2   | HP: 9/75 [guardian serpent (17)]
 21663 | Lair:2   | Reached skill level 1 in Hexes
 21663 | Lair:2   | HP: 3/75 [guardian serpent/bolt of poison (13)]
 21664 | Lair:2   | Succumbed to a guardian serpent's bolt of poison

Vanquished Creatures
  A hydra (Lair:1)
  3 cane toads (Lair:1)
  Maggie (D:8)
  3 komodo dragons
  A troll (D:9)
  3 blink frogs (Lair:2)
  Sigmund (D:2)
  A vampire (D:10)
  A wraith (D:12)
  25 yaks
  5 wyverns (D:9)
  3 basilisks
  4 vampire mosquitoes
  2 steam dragons (D:10)
  Menkaure (D:6)
  8 water moccasins
  2 orc warriors
  2 black bears (D:6)
  A sky beast (D:8)
  5 centaurs
  An ogre (D:4)
  18 wolves
  2 phantoms
  5 kobold brigands
  A scorpion (D:4)
  10 bullfrogs
  A necrophage (D:6)
  A gnoll sergeant (D:10)
  13 wights
  A howler monkey (D:4)
  A jelly (D:6)
  3 hounds
  4 orc priests
  4 iguanas (D:5)
  A gnoll shaman (D:7)
  Natasha (thrice) (D:3)
  12 orc wizards
  13 gnolls
  6 adders
  2 river rats (Sewer)
  A white imp (D:6)
  2 ufetubi (D:7)
  2 worms (D:3)
  26 orcs
  8 ball pythons
  10 endoplasms
  3 giant cockroaches
  6 goblins
  9 hobgoblins
  3 jackals (Sewer)
  26 kobolds
  2 quokkas (D:3)
  7 bats (D:1)
  4 frilled lizards
  6 rats
290 creatures vanquished.

Vanquished Creatures (collateral kills)
  A wolf (Lair:2)
  A gnoll (D:10)
2 creatures vanquished.

Vanquished Creatures (others)
  A bush (Lair:1)
  16 fungi
  8 plants
  2 withered plants (D:4)
27 creatures vanquished.

Grand Total: 319 creatures vanquished

Table legend:
 A = Non-vault XP
 B = Vault XP
 C = Vault XP percentage of total XP
 D = Non-vault monster count
 E = Vault monster count
 F = Vault count percentage of total count
                 A         B        C        D         E       F
            +---------+---------+-------+---------+---------+-------
      Total |   24272 |    3601 |  12.9 |     262 |      40 |  13.2
            +---------+---------+-------+---------+---------+-------
        D:1 |      39 |       9 |  18.8 |      24 |       5 |  17.2
        D:2 |      24 |     231 |  90.6 |       7 |       1 |  12.5
        D:3 |     167 |      35 |  17.3 |      25 |       1 |   3.8
        D:4 |     654 |       1 |   0.2 |      24 |       1 |   4.0
        D:5 |     311 |     101 |  24.5 |      14 |       8 |  36.4
        D:6 |     974 |     165 |  14.5 |      20 |       1 |   4.8
        D:7 |    1118 |       0 |   0.0 |      22 |       0 |   0.0
        D:8 |     609 |     398 |  39.5 |      19 |       1 |   5.0
        D:9 |    1723 |    1396 |  44.8 |      13 |       7 |  35.0
       D:10 |    1529 |       0 |   0.0 |      20 |       0 |   0.0
       D:11 |    3871 |       0 |   0.0 |      12 |       0 |   0.0
       D:12 |    1868 |       0 |   0.0 |       3 |       0 |   0.0
     Lair:1 |    6400 |     879 |  12.1 |      31 |       1 |   3.1
     Lair:2 |    4985 |     159 |   3.1 |      28 |       1 |   3.4
      Sewer |       0 |     227 | 100.0 |       0 |      13 | 100.0
            +---------+---------+-------+---------+---------+-------

Illustrated notes

Table legend:
 A = Kills in this place as a percentage of kills in entire the game.
 B = Kills by you in this place as a percentage of kills by you in the entire game.
 C = Kills by friends in this place as a percentage of kills by friends in the entire game.
 D = Other kills in this place as a percentage of other kills in the entire game.
 E = Experience gained in this place as a percentage of experience gained in the entire game.
 F = Experience gained in this place divided by the number of levels of this place that you have seen.
                   A       B       C       D       E      F
               +-------+-------+-------+-------+-------+----------------------
         Total | 100.0 | 100.0 | 100.0 | 100.0 | 100.0 | 1742.1
       Dungeon |  75.5 |  75.8 |  50.0 |  72.7 |  54.6 | 1268.6
          Lair |  20.2 |  19.7 |  50.0 |  27.3 |  44.6 | 6211.5
         Sewer |   4.3 |   4.5 |   0.0 |   0.0 |   0.8 | 227.0
               +-------+-------+-------+-------+-------+----------------------

Table legend: (Time is in decaauts)
 A = Elapsed time spent in this place.
 B = Non-inter-level travel time spent in this place.
 C = Inter-level travel time spent in this place.
 D = Time resting spent in this place.
 E = Time spent auto-exploring this place.
 F = Levels seen in this place.
 G = Mean time per level.
                   A        B        C        D        E       F      G
               +--------+--------+--------+--------+--------+-----+--------+
         Total |  21602 |  20751 |    851 |   4248 |  13414 |  16 | 1350.1 |
       Dungeon |  17698 |  16927 |    771 |   3490 |  11015 |  12 | 1474.8 |
          Lair |   3331 |   3252 |     79 |    466 |   2245 |   2 | 1665.5 |
         Abyss |     24 |     24 |      0 |      0 |     19 |   1 |   24.0 |
         Sewer |    548 |    548 |      0 |    291 |    135 |   1 |  548.0 |
               +--------+--------+--------+--------+--------+-----+--------+

Top non-repeatable levels by time:
     D:9: 3437 daAuts
  Lair:1: 2082 daAuts
     D:7: 1931 daAuts
     D:4: 1874 daAuts
     D:6: 1729 daAuts
     D:1: 1728 daAuts
    D:10: 1407 daAuts
     D:5: 1291 daAuts
  Lair:2: 1249 daAuts
     D:8: 1118 daAuts
    D:11: 1066 daAuts
     D:3: 1065 daAuts
     D:2: 861 daAuts
   Sewer: 548 daAuts
    D:12: 188 daAuts
